 Dungeon Crawl Stone Soup version 0.29-a0-664-gff9cad4a3d (webtiles) character file.

Game seed: 11167779387433759803

14 Sabo the Skirmisher (level 2, 27/27 HPs)
             Began as a Hill Orc Fighter on June 23, 2022.
             Was a Follower of Fedhas.
             Got out of the dungeon alive.
             The game lasted 00:01:35 (307 turns).

Sabo the Skirmisher (Hill Orc Fighter)               Turns: 307, Time: 00:01:35

Health: 27/27      AC:  6    Str: 18    XL:     2   Next: 41%
Magic:  2/2        EV:  9    Int:  8    God:    Fedhas [*.....]
Gold:   23         SH:  4    Dex: 10    Spells: 1/1 levels left

rFire   . . .      SeeInvis .   a - +0 war axe
rCold   . . .      Faith    .   c - +0 buckler
rNeg    . . .      Spirit   .   b - +0 scale mail
rPois   .          Reflect  .   (no helmet)
rElec   .          Harm     .   (no cloak)
rCorr   .          Rampage  .   (no gloves)
Will    .....                   (no boots)
Stlth   ..........              (no amulet)
HPRegen 0.09/turn               (no ring)
MPRegen 0.08/turn               (no ring)

@: no status effects
A: no striking features
a: Renounce Religion


You escaped.
You worshipped Fedhas.
Fedhas was aware of your devotion.
You visited 1 branch of the dungeon, and saw 1 of its levels.

You collected 23 gold pieces.

Inventory:

Hand Weapons
 a - a +0 war axe (weapon)
Armour
 b - a +0 scale mail (worn)
 c - a +0 buckler (worn)
Scrolls
 e - a scroll of teleportation {unknown}
 g - 2 scrolls of poison {unknown}
Potions
 d - a potion of might
 f - a potion of resistance {unknown}


   Skills:
 + Level 3.9 Fighting
 + Level 3.0 Axes
 + Level 3.5 Armour
 + Level 3.4 Shields


You had one spell level left.
You didn't know any spells.
Your spell library was empty.

Dungeon Overview and Level Annotations

Branches:
Dungeon (1/15)

Altars:
Fedhas


Message History

A hobgoblin comes into view.
A hobgoblin comes into view.
The hobgoblin shouts!
You hit the hobgoblin.
The hobgoblin is almost dead.
You hit the hobgoblin.
You kill the hobgoblin!
You block the hobgoblin's attack.
Your Axes skill increases to level 3!
You closely miss the hobgoblin.
The hobgoblin is almost dead.
You hit the hobgoblin.
You kill the hobgoblin!
The hobgoblin barely misses you.
You hit the hobgoblin.
You kill the hobgoblin!
Found a faded altar of an unknown god.
You see here a hobgoblin corpse.
There is a faded altar of an unknown god here.
You cannot tell which god this altar belongs to.
Convert to them anyway?
Fedhas accepts your prayer! Fedhas welcomes you!
The plants of the dungeon cease their hostilities.
You see here a hobgoblin corpse.
There is an open door here.
Why would you want to do that? Why would you want to do that?
Why would you want to do that? Why would you want to do that?
You see here 4 stones.
You see here 4 stones.
You see here 4 stones.
You open the door.
There is an open door here.
You see here a +0 leather armour.
There is an open door here.
There is a staircase leading out of the dungeon here.
You can't go down here!
Are you sure you want to leave the Dungeon?
This will make you lose the game!
You have escaped!

....# #..#.##.# #...#......
#.##.# #.#.###.# ##.##......
#.##.# ####.......# ##+##......
#.##.# #.#######..# ##...#######
#....# #.#≈≈≈≈....###.....## #
.##..# #.≈≈≈≈≈....##.......## #
.....####.≈≈≈≈≈....#.........####
..........≈≈≈≈≈..(.'.........+...
.....####.≈≈..≈.@..#.........####
.....# #.≈≈≈......##.......## #
##...# #.≈≈≈......###.....## #
#.### #(≈≈≈≈..≈..# ##.[.## ..#
#.#≈≈≈.≈≈≈## ##'## ####
#.#≈≈≈≈≈≈≈# #.# #.######### #.#
#.#.# ##.## #...# ##...##


There were no monsters in sight!

Vanquished Creatures
  A dart slug (D:1)
  A ball python (D:1)
  2 endoplasms (D:1)
  A goblin (D:1)
  4 hobgoblins (D:1)
9 creatures vanquished.

Notes
Turn   | Place    | Note
-------+----------+-------------------------------------------
     0 | D:1      | Sabo the Hill Orc Fighter began the quest for the Orb.
     0 | D:1      | Reached XP level 1. HP: 19/19 MP: 1/1
   170 | D:1      | Reached XP level 2. HP: 25/27 MP: 2/2
   201 | D:1      | Found a faded altar of an unknown god.
   210 | D:1      | Prayed at the altar of an unknown god.
   210 | D:1      | Became a worshipper of Fedhas Madash
   210 | D:1      | Reached * piety under Fedhas
   307 | D:$      | Got out of the dungeon alive.

Illustrated notes

Levels and vault maps discovered:
D:1:      dpeg_arrival_pond, layout_loops_corners, serial_glass,
          glass_columns_b, glass_columns_b,
          hellmonk_ecumenical_altar_prayer_group

Skill      XL: |  1  2 |
---------------+-------+-----
Axes           | 3 |  3.0
Fighting       | |  3.9
Armour         | |  3.5
Shields        | |  3.4

Action                   || total
-------------------------++-------
Melee: War axe           ||    11
Armor: Scale mail        ||     2
Dodge: Dodged            ||     4
Block: Buckler           ||     3

Table legend: (Time is in decaauts)
 A = Elapsed time spent in this place.
 B = Non-inter-level travel time spent in this place.
 C = Inter-level travel time spent in this place.
 D = Time resting spent in this place.
 E = Time spent auto-exploring this place.
 F = Levels seen in this place.
 G = Mean time per level.
                   A        B        C        D        E       F      G
               +--------+--------+--------+--------+--------+-----+--------+
         Total |    311 |    311 |      0 |      0 |      0 |   1 |  311.0 |
       Dungeon |    311 |    311 |      0 |      0 |      0 |   1 |  311.0 |
               +--------+--------+--------+--------+--------+-----+--------+

Top non-repeatable levels by time:
     D:1: 311 daAuts
